 Dungeon Crawl Stone Soup version 0.25-a0-1007-g10a8c3caa8 (webtiles) character file.

Game seed: 8194181800668609994, levelgen mode: deterministic

254 Flugslaktarn the Chopper (level 5, -6/47 HPs)
             Began as a Minotaur Fighter on May 11, 2020.
             Mangled by a gnoll
             ... wielding a +0 spear
              (7 damage)
             ... on level 4 of the Dungeon.
             The game lasted 00:00:47 (1684 turns).

Flugslaktarn the Chopper (Minotaur Fighter)         Turns: 1684, Time: 00:00:48

Health: -6/47      AC:  9    Str: 20    XL:     5   Next: 90%
Magic:  4/4        EV:  5    Int:  5    God:
Gold:   118        SH:  9    Dex: 11    Spells: 4/4 levels left

rFire    . . .     SeeInvis .   a - +0 war axe
rCold    . . .     Gourm    .   c - +0 kite shield
rNeg     . . .     Faith    .   o - +0 chain mail
rPois    .         Spirit   .   (helmet restricted)
rElec    .         Reflect  .   (no cloak)
rCorr    .         Harm     .   (no gloves)
MR       .....                  (no boots)
Stlth    ..........             (no amulet)
HPRegen  0.15/turn              (no ring)
MPRegen  0.09/turn              (no ring)

@: mighty, lethally poisoned (-6 -> -19), stab, slowed, very slow
A: retaliatory headbutt, horns 2
a: no special abilities


You were on level 4 of the Dungeon.
You were not hungry.

You visited 1 branch of the dungeon, and saw 4 of its levels.

You collected 118 gold pieces.

Inventory:

Hand Weapons
 a - a +0 war axe (weapon)
Missiles
 i - a throwing net (quivered)
Armour
 b - a +0 scale mail
 c - a +0 kite shield (worn)
 o - a +0 chain mail (worn)
   (You found it on level 3 of the Dungeon)
Jewellery
 m - a +3 ring of dexterity {unknown}
   (You found it on level 3 of the Dungeon)
 q - an uncursed ring of protection from fire {unknown}
   (You found it on level 4 of the Dungeon)
 v - a +4 ring of evasion
   (You took it off a goblin on level 3 of the Dungeon)
Scrolls
 f - 2 scrolls of remove curse {unknown}
 l - a scroll of fog {unknown}
 n - 2 scrolls of amnesia {unknown}
 r - a scroll of identify {unknown}
Potions
 g - a potion of brilliance {unknown}
 h - a potion of berserk rage {unknown}
 j - a potion of invisibility {unknown}
 s - a potion of haste {unknown}
Comestibles
 e - 4 rations
 p - a chunk of flesh


   Skills:
 + Level 4.8 Fighting
 * Level 5.0 Axes
 + Level 4.8 Armour
 + Level 4.8 Shields


You had 4 spell levels left.
You didn't know any spells.
Your spell library was empty.

Dungeon Overview and Level Annotations

Branches:
Dungeon (4/15)
 Temple: D:4-7

Altars:

Annotations:
D:3 1 runed translucent door, emiel's ghost, amateur NaFi


Innate Abilities, Weirdness & Mutations

You reflexively headbutt those who attack you in melee.
You have a pair of horns on your head.


Message History

The gnoll is moderately wounded.
You slash the gnoll!
You kill the gnoll!
The gnoll hits you with a +0 club.
* * * LOW HITPOINT WARNING * * *
The gnoll hits you but does no damage. x2; You block the gnoll's attack.
You slash the gnoll!
You kill the gnoll!
The gnoll hits you from afar with a +0 spear.
* * * LOW HITPOINT WARNING * * *
You block the gnoll's attack. The orc hits you but does no damage.
You are lethally poisoned!
It was a potion of stabbing.
You feel ready to backstab.
* * * LOW HITPOINT WARNING * * *
You feel sick. You block the gnoll's attack.
The orc hits you but does no damage.
You are more poisoned.
The gnoll hits you from afar with a +0 spear!
You die...

. .. ....)....### ≈≈
.g###g#####.###...# .≈≈#
#.#.###.©.###.#.#.#
.≈≈#####...........#####
.≈≈≈≈≈≈≈≈≈≈≈≈≈≈≈≈≈≈≈≈≈≈≈
≈≈≈≈≈≈≈≈≈≈≈≈≈≈≈≈≈≈≈≈≈≈≈
.....................
..#.#g#)................
......o@)...#.##########
###.#.#)##..............
# #.#####...######## #.#
#.#.#....... #.#
#.#.#.#####. #.#
#.#......... #.#
#.#.#....... #.#
#+#+########


You could see 3 gnolls and an orc.

Vanquished Creatures
  A centaur skeleton (D:3)
  An orc wizard (D:4)
  An orc priest (D:4)
  3 worker ants (D:4)
  2 hound skeletons (D:4)
  2 gnolls (D:4)
  A dart slug (D:3)
  A leopard gecko (D:3)
  7 orcs
  3 giant cockroaches
  2 goblins (D:3)
  2 hobgoblins
  6 jackals
  2 kobolds (D:2)
  2 quokkas (D:3)
  4 bats
  2 frilled lizards
  3 rats
45 creatures vanquished.

Notes
Turn   | Place    | Note
-------+----------+-------------------------------------------
     0 | D:1      | Flugslaktarn the Minotaur Fighter began the quest for the
                  | Orb.
     0 | D:1      | Reached XP level 1. HP: 19/19 MP: 0/0
   610 | D:2      | Reached XP level 2. HP: 27/27 MP: 1/1
   624 | D:3      | Reached skill level 3 in Axes
   865 | D:3      | Reached XP level 3. HP: 28/33 MP: 2/2
  1128 | D:3      | Found a runed translucent door.
  1134 | D:3      | Noticed emiel's ghost (amateur NaFi)
  1340 | D:4      | Reached XP level 4. HP: 35/40 MP: 3/3
  1399 | D:4      | Reached skill level 4 in Axes
  1657 | D:4      | Reached XP level 5. HP: 46/47 MP: 4/4
  1681 | D:4      | Reached skill level 5 in Axes
  1682 | D:4      | HP: 2/47 [gnoll/+0 club (6)]
  1684 | D:4      | Mangled by a gnoll

Illustrated notes

Levels and vault maps discovered:
D:1:      dpeg_arrival_radiant, layout_basic
D:2:      layout_basic
D:3:      layout_loops_cross, ebering_ghost_reflecting_pool, chequers_arboretum,
          nrook_mini_backslash, minmay_misc_feat_diagonals, eino_curves_04
D:4:      layout_basic, first_ration, gammafunk_ghost_gnarly_gnolls

Skill      XL: |  1  2  3  4  5 |
---------------+----------------+-----
Axes           | 3 4 5 |  5.0
Fighting       | 4 |  4.8
Armour         | 4 |  4.8
Shields        | 4 |  4.8

Action                   |  1- 3 |  4- 6 || total
-------------------------+-------+-------++-------
Melee: War axe           |    77 |    45 ||   122
       Headbutt          |     8 |     6 ||    14
  Use: Potion            |       |     2 ||     2
  Eat: Chunk             |     1 |     2 ||     3
Armor: Scale mail        |    21 |       ||    21
       Chain mail        |     5 |    30 ||    35
Dodge: Dodged            |    22 |    16 ||    38
Block: Kite shield       |    40 |    26 ||    66

Table legend:
 A = Non-vault XP
 B = Vault XP
 C = Vault XP percentage of total XP
 D = Non-vault monster count
 E = Vault monster count
 F = Vault count percentage of total count
                 A         B        C        D         E       F
            +---------+---------+-------+---------+---------+-------
      Total |     363 |       0 |   0.0 |      45 |       0 |   0.0
            +---------+---------+-------+---------+---------+-------
        D:1 |       5 |       0 |   0.0 |       4 |       0 |   0.0
        D:2 |       7 |       0 |   0.0 |       5 |       0 |   0.0
        D:3 |      73 |       0 |   0.0 |      16 |       0 |   0.0
        D:4 |     278 |       0 |   0.0 |      20 |       0 |   0.0
            +---------+---------+-------+---------+---------+-------
